 Dungeon Crawl Stone Soup version 0.26-a0-660-gc07710193c (webtiles) character file.

Game seed: 10979710288555815294

1121 elmdor the Cleaver (level 8, -1/74 HPs)
             Began as a Hill Orc Delver on Oct 7, 2020.
             Was an Initiate of Qazlal.
             Slain by an ice beast (8 damage)
             ... on level 6 of the Dungeon.
             The game lasted 00:21:45 (6203 turns).

elmdor the Cleaver (Hill Orc Delver)                Turns: 6203, Time: 00:21:45

Health: -1/74      AC:  8    Str: 17    XL:     8   Next: 34%
Magic:  8/8        EV: 10    Int: 10    God:    Qazlal [......]
Gold:   192        SH:  5    Dex: 12    Spells: 7/7 levels left

rFire    . . .     SeeInvis +   A - +0 war axe
rCold    . . .     Faith    .   e - +0 buckler
rNeg     + . .     Spirit   .   t - +0 scale mail
rPois    .         Reflect  .   b - +0 helmet
rElec    .         Harm     .   (no cloak)
rCorr    .         Rampage  .   l - +0 pair of gloves
MR       .....                  (no boots)
Stlth    +.........             (no amulet)
HPRegen  0.22/turn              i - ring of see invisible
MPRegen  0.11/turn              v - ring of positive energy

@: no status effects
A: mutation resistance 1
a: Renounce Religion, Convert to Beogh


You were on level 6 of the Dungeon.
You worshipped Qazlal.
Qazlal was noncommittal.
You visited 2 branches of the dungeon, and saw 7 of its levels.

You collected 192 gold pieces.

Inventory:

Hand Weapons
 f - a +0 hunting sling
 A - a +0 war axe (weapon)
Missiles
 m - 12 sling bullets
 p - 134 stones
 x - 2 poisoned darts (quivered)
Armour
 b - a +0 helmet (worn)
 e - a +0 buckler (worn)
 l - a +0 pair of gloves (worn)
 t - a +0 scale mail (worn)
Jewellery
 i - a ring of see invisible (left hand)
 v - a ring of positive energy (right hand)
Wands
 g - a wand of digging (2)
Scrolls
 c - 3 scrolls of fog
 d - 2 scrolls of magic mapping
 k - 3 scrolls of teleportation
 n - 2 scrolls of blinking
 o - 4 scrolls of remove curse
 s - a scroll of enchant armour
 y - a scroll of fear
Potions
 a - a potion of might {unknown}
 h - a potion of magic {unknown}
 q - a potion of heal wounds {unknown}
 r - a potion of brilliance
 u - a potion of haste
 w - a potion of stabbing {unknown}
 z - a potion of lignification {unknown}
Miscellaneous
 j - a phantom mirror (inert)


   Skills:
 + Level 7.7 Fighting
 + Level 9.1 Axes
 - Level 1.5 Dodging
 - Level 4.1 Stealth
 - Level 4.0 Shields


You had 7 spell levels left.
You didn't know any spells.
Your spell library was empty.

Dungeon Overview and Level Annotations

Branches:
Dungeon (6/15)             Temple (1/1) D:4

Altars:
Ashenzari
Cheibriados
Dithmenos
Elyvilon
Hepliaklqana
Kikubaaqudgha
Okawaru
Qazlal
Ru
Sif Muna
Trog
Uskayaw
Vehumet
Wu Jian
Xom
Yredelemnul
Zin

Annotations:
D:1 need dig


Innate Abilities, Weirdness & Mutations

You are somewhat resistant to further mutation.


Message History

Evoke which item? (* to show all) (? for menu, Esc to quit)
Okay, then.
Unknown command.
You block the orc priest's attack.
The orc priest hits you from afar with a +0 trident.
* * * LOW HITPOINT WARNING * * *
The orc wizard points at you and mumbles some strange words.
The magic dart hits you.
* * * LOW HITPOINT WARNING * * *
Unknown command.
You hear the rusting of a distant drain.
The orc priest calls down the wrath of Beogh upon you.
The orc wizard struggles to resist.
The orc wizard hits you but does no damage.
As you open the door, it creaks loudly!
You hear a shout!
The orc wizard hits you but does no damage.
The ice beast hits you.
* * * LOW HITPOINT WARNING * * *
The ice beast freezes you!
You die...

#..........#,,,,*,.....******,,,,
'..........#,,,,*......#,,,,*,,,,
#..........#,,,,*......#,,,,*,,,,
#......>...#,,,,*......#,,,,*,,,,
#..........######......#*+***,,,,
#....####...............,,,,,,,,,
+....# #.)..o..........,,,,,,,,,
#....# #†#.#..Y........,,,,,,,,,
#....# #.._..Yo@.......,,,,,,,,,
#....***###)#...#'######*+**,,,,,
*,,,,*,,,#......#...,,,*,,,*,,,,,
*,,,,*,,,+......#.....,*,,,*,,,,,
*,,,,*,,,#......#......#,,,*,,,,,
*********#......#+###.##****,,,,,
*###...$..,**##,,,,,,,,,,
*******,,#......,+,,+,,,,,,,,,,
***,*,,,*,,+,,,,,,,*,,*,,,,,,,,,,


You could see an ice beast, a sky beast, an orc priest and an orc wizard (fast,
invisible).

Vanquished Creatures
  Eustachio (D:6)
  A sky beast (D:5)
  2 ogres
  A centaur (D:1)
  A scorpion (D:4)
  A howler monkey (D:6)
  4 orc priests
  2 orc wizards (D:4)
  A jelly (D:4)
  An iguana (D:3)
  A worker ant (D:4)
  Natasha (thrice) (D:2)
  Robin (D:3)
  3 adders
  2 gnolls (D:4)
  An ufetubus (D:6)
  2 oozes
  4 worms
  2 dart slugs
  3 leopard geckos
  12 orcs
  5 giant cockroaches
  5 hobgoblins
  8 jackals
  A quokka (D:4)
  2 ball pythons
  5 bats
  A frilled lizard (D:1)
  17 goblins
  4 kobolds
  7 rats
104 creatures vanquished.

Vanquished Creatures (collateral kills)
  An ogre (D:4)
  An orc (D:4)
2 creatures vanquished.

Grand Total: 106 creatures vanquished

Notes
Turn   | Place    | Note
-------+----------+-------------------------------------------
     0 | D:5      | elmdor the Hill Orc Delver began the quest for the Orb.
     0 | D:5      | Reached XP level 1. HP: 19/19 MP: 1/1
    48 | D:4      | Noticed a worker ant
    62 | D:4      | Killed a worker ant
    62 | D:4      | Reached skill level 4 in Axes
    62 | D:4      | Reached XP level 2. HP: 13/26 MP: 2/2
    62 | D:4      | Reached XP level 3. HP: 15/31 MP: 3/3
   659 | D:4      | Noticed a scorpion
   678 | D:4      | Noticed an ogre
   683 | D:4      | Found a staircase to the Ecumenical Temple.
   688 | D:4      | Noticed an ogre
   723 | D:3      | HP: 1/31 [orc/+0 hand axe (4)]
   788 | D:3      | Reached skill level 5 in Axes
  1544 | D:2      | Noticed Natasha
  1552 | D:2      | Killed Natasha
  1552 | D:2      | Reached skill level 1 in Shields
  1552 | D:2      | Reached XP level 4. HP: 18/40 MP: 4/4
  1761 | D:2      | Noticed Natasha
  1772 | D:2      | Killed Natasha
  2034 | D:2      | Noticed Natasha
  2053 | D:2      | Killed Natasha
  2053 | D:2      | Reached XP level 5. HP: 8/47 MP: 5/5
  2457 | D:1      | Noticed a centaur
  3342 | D:1      | Reached skill level 6 in Axes
  3352 | D:1      | Killed a centaur
  3352 | D:1      | Reached XP level 6. HP: 33/55 MP: 6/6
  3717 | D:3      | Noticed Robin
  3750 | D:3      | Killed Robin
  3853 | D:3      | Reached skill level 5 in Fighting
  4097 | D:3      | You fall into a shaft and drop 2 floors!
  4230 | D:4      | Reached skill level 7 in Axes
  4346 | D:4      | Reached XP level 7. HP: 56/61 MP: 7/7
  5424 | Temple   | Entered the Ecumenical Temple
  5539 | Temple   | Became a worshipper of Qazlal Stormbringer
  5583 | D:4      | Gained mutation: Your spells are a little harder to cast,
                  | but a little more powerful. [potion of mutation]
  5583 | D:4      | Lost mutation: Your spells are a little harder to cast, but
                  | a little more powerful. [potion of mutation]
  5583 | D:4      | Gained mutation: You are somewhat resistant to further
                  | mutation. [potion of mutation]
  5871 | D:5      | Reached skill level 8 in Axes
  6014 | D:6      | Reached XP level 8. HP: 62/73 MP: 8/8
  6078 | D:6      | Noticed Eustachio
  6156 | D:6      | Killed Eustachio
  6156 | D:6      | Reached skill level 9 in Axes
  6177 | D:6      | Found an ornate altar of the Wu Jian Council.
  6203 | D:6      | Slain by an ice beast

Illustrated notes

Levels and vault maps discovered:
D:1:      evilmike_arrival_come_back, layout_basic
D:2:      layout_rooms, uniq_natasha
D:3:      layout_basic, uniq_robin
D:4:      layout_basic, minmay_temple_entry_large_hall, minivault_1
D:5:      layout_loops_ring, gammafunk_temple_overflow_wave, kennysheep_diamond
D:6:      layout_gridville, lemuel_crystal_altar, gup_sewer_entry_pipe,
          uniq_eustachio, uniq_crazy_yiuf_cottage
Temple:   nicolae_temple_x_marks_the_god

Skill      XL: |  1  2  3  4  5  6  7  8 |
---------------+-------------------------+-----
Axes           | 4 5 6 7 8 9 |  9.1
Shields        | 1 2 3 4 |  4.0
Fighting       | 4 5 7 |  7.7
Dodging        | |  1.5
Stealth        | |  4.1

Action                   |  1- 3 |  4- 6 |  7- 9 || total
-------------------------+-------+-------+-------++-------
Melee: Hand axe          |    95 |   209 |    52 ||   356
       War axe           |       |       |    73 ||    73
Throw: Dart              |    10 |     3 |    11 ||    24
       Stone             |       |       |     2 ||     2
Evoke: Phantom mirror    |     1 |     1 |       ||     2
       Wand              |       |     1 |       ||     1
  Use: Potion            |     1 |     2 |     1 ||     4
       Scroll            |     1 |     6 |     3 ||    10
 Stab: Sleeping          |     1 |     5 |       ||     6
Armor: Leather armour    |    10 |    37 |       ||    47
       Scale mail        |       |    41 |    83 ||   124
Dodge: Dodged            |    67 |   110 |   103 ||   280
Block: Buckler           |     1 |    39 |    43 ||    83

Table legend: (Time is in decaauts)
 A = Elapsed time spent in this place.
 B = Non-inter-level travel time spent in this place.
 C = Inter-level travel time spent in this place.
 D = Time resting spent in this place.
 E = Time spent auto-exploring this place.
 F = Levels seen in this place.
 G = Mean time per level.
                   A        B        C        D        E       F      G
               +--------+--------+--------+--------+--------+-----+--------+
         Total |   6220 |   6062 |    158 |   2025 |   2003 |   7 |  888.6 |
       Dungeon |   6095 |   5946 |    149 |   2025 |   1961 |   6 | 1015.8 |
        Temple |    125 |    116 |      9 |      0 |     42 |   1 |  125.0 |
               +--------+--------+--------+--------+--------+-----+--------+

Top non-repeatable levels by time:
     D:4: 1694 daAuts
     D:3: 1575 daAuts
     D:2: 1198 daAuts
     D:1: 1178 daAuts
     D:5: 275 daAuts
     D:6: 173 daAuts
  Temple: 125 daAuts
